[Event "GambitGuide"]
[Site "Internet Chess Club"]
[Date "2014.10.30"]
[Round "1"]
[White "JSBach"]
[Black "IlkkaM"]
[Result "1-0"]
[ICCResult "Black resigns"]
[WhiteElo "1662"]
[BlackElo "1706"]
[Opening "Vienna: `Frankenstein-Dracula' variation"]
[ECO "C27"]
[NIC "VG.02"]
[Time "17:04:29"]
[TimeControl "120+12"]

1. e4 e5 2. Nc3 Nf6 3. Bc4 Nxe4 4. Qh5 Nd6 5. Bb3 Nc6 6. Nb5 g6 7. Qf3 f5 8.
Qd5 Qe7 9. Nxc7+ Kd8 10. Nxa8 b6 11. Ba4 Bb7 12. Nxb6 axb6 13. Qb3 Kc7 14.
Ne2 f4 15. Nc3 Nd4 16. Nd5+ Bxd5 17. Qxd5 Bg7 18. Bb3 Rf8 19. c3 Nc6 20. d3
e4 21. dxe4 Nxe4 22. O-O f3 23. Re1 Re8 24. gxf3 Qh4 25. Rxe4 Be5 26. Rxh4
{Black resigns}
1-0

[Event "GambitGuide"]
[Site "Internet Chess Club"]
[Date "2014.10.30"]
[Round "1"]
[White "JSBach"]
[Black "dnmuscg"]
[Result "1-0"]
[ICCResult "Black resigns"]
[WhiteElo "1662"]
[BlackElo "1659"]
[Opening "Vienna: `Frankenstein-Dracula' variation"]
[ECO "C27"]
[NIC "VG.02"]
[Time "17:04:08"]
[TimeControl "120+12"]

1. e4 e5 2. Nc3 Nf6 3. Bc4 Nxe4 4. Qh5 Nd6 5. Bb3 Nc6 6. Nb5 g6 7. Qf3 f5 8.
Qd5 Qe7 9. Nxc7+ Kd8 10. Nxa8 b6 11. Ba4 Bb7 12. Nxb6 axb6 13. Qb3 Kc7 14.
Ne2 b5 15. Bxb5 Nxb5 16. Qxb5 Qc5 17. Qxc5 Bxc5 18. a3 d5 19. b4 Bd6 20. b5
Na5 21. Rb1 Kb6 22. Rg1 Rc8 23. Nc3 d4 24. Na4+ Ka7 25. Kd1 Be4 26. d3 Bd5
27. Bd2 Nb7 28. c4 dxc3 29. Nxc3 Ba2 30. Nxa2 Bxa3 31. b6+ Kb8 32. Re1 Bd6
33. Rc1 Rxc1+ 34. Nxc1 Nc5 35. Be3 Ne6 36. h4 Kb7 37. Nb3 f4 38. Na5+ Kb8
39. Bd2 Nc5 40. Nc4 Nxd3 41. Nxd6 Nxe1 42. Kxe1 {Black resigns} 1-0

[Event "GambitGuide"]
[Site "Internet Chess Club"]
[Date "2014.10.30"]
[Round "1"]
[White "JSBach"]
[Black "clicklock"]
[Result "0-1"]
[ICCResult "White checkmated"]
[WhiteElo "1662"]
[BlackElo "1336"]
[Opening "Vienna: `Frankenstein-Dracula' variation"]
[ECO "C27"]
[NIC "VG.02"]
[Time "17:04:17"]
[TimeControl "120+12"]

1. e4 e5 2. Nc3 Nf6 3. Bc4 Nxe4 4. Qh5 Nd6 5. Bb3 Nc6 6. Nb5 g6 7. Qf3 f5 8.
Qd5 Qe7 9. Nxc7+ Kd8 10. Nxa8 b6 11. Ba4 b5 12. Bxb5 Nxb5 13. Qxb5 Qb4 14.
Qxb4 Nxb4 15. Ke2 Bb7 16. a3 Nxc2 17. Rb1 Bxg2 18. Nf3 Bxh1 19. Nxe5 Kc8 20.
Nf7 Rg8 21. Kd1 Be4 22. d3 Bxd3 23. a4 Ne3+ 24. Bxe3 Bxb1 25. Ng5 Kb7 26.
Kc1 Be4 27. f3 Bc6 28. Nxh7 Kxa8 29. Nxf8 Rxf8 30. f4 Bxa4 31. Bc5 Rh8 32.
h3 Rxh3 33. b4 Kb7 34. Kb2 Kc6 35. Be7 d6 36. Kc1 Rf3 37. Bg5 Rb3 38. Kd2
Rxb4 39. Bh6 Rd4+ 40. Kc3 Kd5 41. Bg5 a6 42. Bh6 a5 43. Bg5 Bb5 44. Kb2 a4
45. Ka2 Bc4+ 46. Ka3 Bb3 47. Bh6 Kc4 48. Bg5 Rd2 49. Bf6 Ra2# {White
checkmated} 0-1

[Event "GambitGuide"]
[Site "Internet Chess Club"]
[Date "2014.10.30"]
[Round "1"]
[White "JSBach"]
[Black "Zheus"]
[Result "1-0"]
[ICCResult "Black resigns"]
[WhiteElo "1662"]
[BlackElo "2019"]
[Opening "Vienna: `Frankenstein-Dracula' variation"]
[ECO "C27"]
[NIC "VG.02"]
[Time "17:06:14"]
[TimeControl "120+12"]

1. e4 e5 2. Nc3 Nf6 3. Bc4 Nxe4 4. Qh5 Nd6 5. Bb3 Nc6 6. Nb5 g6 7. Qf3 f5 8.
Qd5 Qe7 9. Nxc7+ Kd8 10. Nxa8 b6 11. Ba4 Bb7 12. Nxb6 axb6 13. Qb3 Kc7 14.
Ne2 Na5 15. Qg3 Ne4 16. Qh3 Qb4 17. b3 b5 18. c3 Qc5 19. d4 exd4 20. b4 Qc4
21. Bf4+ d6 22. Nxd4 bxa4 23. bxa5 Bg7 24. Rb1 Bxd4 25. cxd4 Qc2 26. Rc1
{Black resigns}
1-0

[Event "GambitGuide"]
[Site "Internet Chess Club"]
[Date "2014.10.30"]
[Round "1"]
[White "JSBach"]
[Black "Zheus"]
[Result "1-0"]
[ICCResult "Black resigns"]
[WhiteElo "1662"]
[BlackElo "2019"]
[Opening "Vienna: `Frankenstein-Dracula' variation"]
[ECO "C27"]
[NIC "VG.02"]
[Time "17:07:21"]
[TimeControl "120+12"]

1. e4 e5 2. Nc3 Nf6 3. Bc4 Nxe4 4. Qh5 Nd6 5. Bb3 Nc6 6. Nb5 g6 7. Qf3 f5 8.
Qd5 Qe7 9. Nxc7+ Kd8 10. Nxa8 b6 11. Ba4 Bb7 12. Nxb6 axb6 13. Qb3 Kc7 14.
Ne2 Na5 15. Qg3 Ne4 16. Qh3 Qb4 17. Bb3 Nxb3 18. axb3 d5 19. f3 Nd6 20. Ra4
Qc5 21. d4 exd4 22. Nxd4 b5 23. Ne6+ {Black resigns} 1-0

[Event "GambitGuide"]
[Site "Internet Chess Club"]
[Date "2014.10.30"]
[Round "1"]
[White "JSBach"]
[Black "fishhead"]
[Result "1-0"]
[ICCResult "Black resigns"]
[WhiteElo "1662"]
[BlackElo "1597"]
[Opening "Vienna: `Frankenstein-Dracula' variation"]
[ECO "C27"]
[NIC "VG.02"]
[Time "17:05:18"]
[TimeControl "120+12"]

1. e4 e5 2. Nc3 Nf6 3. Bc4 Nxe4 4. Qh5 Nd6 5. Bb3 Nc6 6. Nb5 g6 7. Qf3 f5 8.
Qd5 Qe7 9. Nxc7+ Kd8 10. Nxa8 b6 11. Ba4 Bb7 12. Nxb6 axb6 13. Qb3 b5 14.
Nf3 bxa4 15. Qxa4 Bg7 16. O-O e4 17. Ne1 Qe6 18. c3 Ke7 19. d4 Qc4 20. Qxc4
Nxc4 21. b3 Nb6 22. f3 d5 23. fxe4 fxe4 24. Ba3+ Ke6 25. Bc5 Nd7 26. Ba3 Ba6
27. Rf2 Bh6 28. Nc2 Rf8 29. Bxf8 Nxf8 30. a4 Bd3 31. Ne1 Be3 32. Nxd3 exd3
33. Re1 {Black resigns} 1-0

[Event "GambitGuide"]
[Site "Internet Chess Club"]
[Date "2014.10.30"]
[Round "1"]
[White "JSBach"]
[Black "JUGGERNOT"]
[Result "1-0"]
[ICCResult "Black resigns"]
[WhiteElo "1662"]
[BlackElo "1786"]
[Opening "Vienna: `Frankenstein-Dracula' variation"]
[ECO "C27"]
[NIC "VG.02"]
[Time "17:03:27"]
[TimeControl "120+12"]

1. e4 e5 2. Nc3 Nf6 3. Bc4 Nxe4 4. Qh5 Nd6 5. Bb3 Nc6 6. Nb5 g6 7. Qf3 f5 8.
Qd5 Qe7 9. Nxc7+ Kd8 10. Nxa8 b6 11. Ba4 Bb7 12. Nxb6 axb6 13. Qb3 Kc7 14.
Ne2 Nd4 15. Nxd4 exd4+ 16. Kf1 Qe6 17. Qd3 Bg7 18. Bb3 Qe4 19. Qxe4 fxe4 20.
Ke1 Re8 21. Rf1 Bh6 22. a3 e3 23. dxe3 dxe3 24. Bxe3 Bxe3 25. fxe3 Rxe3+ 26.
Kf2 Re7 27. Rae1 Ne4+ 28. Kg1 d5 29. Rf3 Rd7 30. Ref1 Nd2 31. Rc3+ Kb8 32.
Rf8+ Ka7 33. a4 Re7 34. Rd8 Ne4 35. Re3 Re5 36. Rd7 Ka6 37. Rxh7 d4 38. Rd3
Nc5 39. Rxd4 Re1+ 40. Kf2 Re5 41. Bf7 Rf5+ 42. Kg1 Rg5 43. g4 Re5 44. Bxg6
Re1+ 45. Kf2 Re6 46. Bf5 Rf6 47. Re7 Rh6 48. Kg3 Bc6 49. Bc8+ Bb7 50. Bxb7+
Nxb7 51. Rdd7 {Black resigns} 1-0

[Event "GambitGuide"]
[Site "Internet Chess Club"]
[Date "2014.10.30"]
[Round "1"]
[White "JSBach"]
[Black "fishhead"]
[Result "1-0"]
[ICCResult "Black resigns"]
[WhiteElo "1662"]
[BlackElo "1597"]
[Opening "Vienna: `Frankenstein-Dracula' variation"]
[ECO "C27"]
[NIC "VG.02"]
[Time "17:07:53"]
[TimeControl "120+12"]

1. e4 e5 2. Nc3 Nf6 3. Bc4 Nxe4 4. Qh5 Nd6 5. Bb3 Nc6 6. Nb5 g6 7. Qf3 f5 8.
Qd5 Qe7 9. Nxc7+ Kd8 10. Nxa8 b6 11. Ba4 Bb7 12. Nxb6 axb6 13. Qb3 b5 14.
Nf3 bxa4 15. Qxa4 Bh6 16. d3 Bxc1 17. Rxc1 Kc7 18. O-O Ra8 19. Qb3 Qf7 20.
Qc3 Qd5 21. a3 Kd8 22. Rfe1 Nf7 23. Re3 Nd4 24. Qb4 Bc6 25. Qb6+ Ke7 26.
Qxd4 {Black resigns} 1-0

[Event "GambitGuide"]
[Site "Internet Chess Club"]
[Date "2014.10.30"]
[Round "1"]
[White "JSBach"]
[Black "Zheus"]
[Result "1-0"]
[ICCResult "Black resigns"]
[WhiteElo "1662"]
[BlackElo "2019"]
[Opening "Vienna: `Frankenstein-Dracula' variation"]
[ECO "C27"]
[NIC "VG.02"]
[Time "17:07:49"]
[TimeControl "120+12"]

1. e4 e5 2. Nc3 Nf6 3. Bc4 Nxe4 4. Qh5 Nd6 5. Bb3 Nc6 6. Nb5 g6 7. Qf3 f5 8.
Qd5 Qe7 9. Nxc7+ Kd8 10. Nxa8 b6 11. Ba4 Bb7 12. Nxb6 axb6 13. Qb3 Kc7 14.
Nf3 Na5 15. Qe3 Bg7 16. O-O f4 17. Qc3+ Kb8 18. Re1 e4 19. Qb4 Ka7 20. d3
Nc6 21. Bxc6 Bxc6 22. Qa3+ Kb7 23. Bxf4 Qf6 24. Be5 {Black resigns} 1-0

[Event "GambitGuide"]
[Site "Internet Chess Club"]
[Date "2014.10.30"]
[Round "1"]
[White "JSBach"]
[Black "dnmuscg"]
[Result "1-0"]
[ICCResult "Black resigns"]
[WhiteElo "1662"]
[BlackElo "1659"]
[Opening "Vienna: `Frankenstein-Dracula' variation"]
[ECO "C27"]
[NIC "VG.02"]
[Time "17:06:56"]
[TimeControl "120+12"]

1. e4 e5 2. Nc3 Nf6 3. Bc4 Nxe4 4. Qh5 Nd6 5. Bb3 Nc6 6. Nb5 g6 7. Qf3 f5 8.
Qd5 Qe7 9. Nxc7+ Kd8 10. Nxa8 b6 11. Ba4 Bb7 12. Nxb6 axb6 13. Qb3 b5 14.
Nf3 Kc7 15. Bxb5 Nxb5 16. Qxb5 e4 17. Ng1 Qg5 18. Kf1 Bd6 19. d3 Qh4 20. Be3
Rb8 21. Qb6+ Kc8 22. Re1 Bc7 23. Qb5 Ne5 24. Bb6 Bc6 25. Qa6+ Rb7 26. Bxc7
Kxc7 27. Qa5+ Kc8 28. Qxe5 Rxb2 29. Qxb2 {Black resigns} 1-0

[Event "GambitGuide"]
[Site "Internet Chess Club"]
[Date "2014.10.30"]
[Round "1"]
[White "JSBach"]
[Black "Zheus"]
[Result "1-0"]
[ICCResult "Black resigns"]
[WhiteElo "1662"]
[BlackElo "2019"]
[Opening "Vienna: `Frankenstein-Dracula' variation"]
[ECO "C27"]
[NIC "VG.02"]
[Time "17:08:56"]
[TimeControl "120+12"]

1. e4 e5 2. Nc3 Nf6 3. Bc4 Nxe4 4. Qh5 Nd6 5. Bb3 Nc6 6. Nb5 g6 7. Qf3 f5 8.
Qd5 Qe7 9. Nxc7+ Kd8 10. Nxa8 b6 11. Ba4 Bb7 12. Nxb6 axb6 13. Qb3 Kc7 14.
Ne2 Na5 15. Qg3 Ne4 16. Qh3 Qb4 17. Bb3 Nc6 18. c3 Qd6 19. Qe3 Nc5 20. d4
Nxb3 21. axb3 e4 22. O-O h5 23. Re1 Bh6 24. Qh3 Rf8 25. Bxh6 {Black resigns}
1-0

[Event "GambitGuide"]
[Site "Internet Chess Club"]
[Date "2014.10.30"]
[Round "1"]
[White "JSBach"]
[Black "mikyoo"]
[Result "1-0"]
[ICCResult "Black resigns"]
[WhiteElo "1662"]
[BlackElo "1387"]
[Opening "Vienna: `Frankenstein-Dracula' variation"]
[ECO "C27"]
[NIC "VG.02"]
[Time "17:07:36"]
[TimeControl "120+12"]

1. e4 e5 2. Nc3 Nf6 3. Bc4 Nxe4 4. Qh5 Nd6 5. Bb3 Nc6 6. Nb5 g6 7. Qf3 f5 8.
Qd5 Qe7 9. Nxc7+ Kd8 10. Nxa8 b6 11. Ba4 Bb7 12. Nxb6 axb6 13. Qb3 b5 14.
Nf3 e4 15. Ng1 bxa4 16. Qxa4 Qg5 17. Kf1 f4 18. d3 e3 19. Nf3 Qc5 20. Qxf4
Bg7 21. Bxe3 Qxc2 22. Qxd6 Ba6 23. Bb6+ {Black resigns} 1-0

[Event "GambitGuide"]
[Site "Internet Chess Club"]
[Date "2014.10.30"]
[Round "1"]
[White "JSBach"]
[Black "fishhead"]
[Result "1-0"]
[ICCResult "Black resigns"]
[WhiteElo "1662"]
[BlackElo "1597"]
[Opening "Vienna: `Frankenstein-Dracula' variation"]
[ECO "C27"]
[NIC "VG.02"]
[Time "17:08:53"]
[TimeControl "120+12"]

1. e4 e5 2. Nc3 Nf6 3. Bc4 Nxe4 4. Qh5 Nd6 5. Bb3 Nc6 6. Nb5 g6 7. Qf3 f5 8.
Qd5 Qe7 9. Nxc7+ Kd8 10. Nxa8 b6 11. Ba4 Bb7 12. Nxb6 axb6 13. Qb3 b5 14.
Nf3 bxa4 15. Qxa4 Bg7 16. O-O e4 17. Ne1 Qe6 18. c3 Ke7 19. d4 Kf7 20. Bf4
Ra8 21. Qc2 Ne8 22. a3 d5 23. Qb3 Rb8 24. Bxb8 {Black resigns} 1-0

[Event "GambitGuide"]
[Site "Internet Chess Club"]
[Date "2014.10.30"]
[Round "1"]
[White "JSBach"]
[Black "Heian"]
[Result "1-0"]
[ICCResult "Black resigns"]
[WhiteElo "1662"]
[BlackElo "1529"]
[Opening "Vienna: `Frankenstein-Dracula' variation"]
[ECO "C27"]
[NIC "VG.02"]
[Time "17:08:23"]
[TimeControl "120+12"]

1. e4 e5 2. Nc3 Nf6 3. Bc4 Nxe4 4. Qh5 Nd6 5. Bb3 Nc6 6. Nb5 g6 7. Qf3 f5 8.
Qd5 Qe7 9. Nxc7+ Kd8 10. Nxa8 b6 11. Ba4 Bb7 12. Nxb6 axb6 13. Qb3 Kc7 14.
Ne2 Qe6 15. Qxe6 dxe6 16. d3 Nd4 17. f3 Nxe2 18. Kxe2 Bc6 19. Bxc6 Kxc6 20.
Bg5 Bg7 21. Rab1 Ra8 22. a3 Ra7 23. Rhd1 Nf7 24. Be3 f4 25. Bg1 Nd6 26. Bf2
Nf5 27. c3 g5 28. Re1 Kd5 29. Bxb6 Rb7 30. Bf2 h5 31. b4 g4 32. c4+ Kd6 33.
Bc5+ Kd7 34. a4 g3 35. hxg3 Nxg3+ 36. Kd2 Bf6 37. a5 Kc6 38. a6 Rb8 39. d4
exd4 40. Rxe6+ Kc7 41. Rxf6 {Black resigns} 1-0

[Event "GambitGuide"]
[Site "Internet Chess Club"]
[Date "2014.10.30"]
[Round "1"]
[White "JSBach"]
[Black "clicklock"]
[Result "1-0"]
[ICCResult "Black checkmated"]
[WhiteElo "1662"]
[BlackElo "1336"]
[Opening "Vienna: `Frankenstein-Dracula' variation"]
[ECO "C27"]
[NIC "VG.02"]
[Time "17:07:57"]
[TimeControl "120+12"]

1. e4 e5 2. Nc3 Nf6 3. Bc4 Nxe4 4. Qh5 Nd6 5. Bb3 Nc6 6. Nb5 g6 7. Qf3 f5 8.
Qd5 Qe7 9. Nxc7+ Kd8 10. Nxa8 b6 11. Ba4 b5 12. Bxb5 Nxb5 13. Qxb5 Qb4 14.
Qxb4 Nxb4 15. Ke2 Nxc2 16. Rb1 Ba6+ 17. Kd1 Bd3 18. b4 Ne3+ 19. fxe3 Bxb1
20. Bb2 Be4 21. Bxe5 Bxg2 22. Bxh8 Bxh1 23. Bf6+ Kc8 24. Kc2 Bxa8 25. a3 Bd6
26. h4 Bg3 27. Ne2 Be1 28. Kd1 Bf2 29. Nd4 Be4 30. Ke2 Bg3 31. d3 Bd5 32.
Nb5 Kb7 33. Nc3 Bb3 34. Kd2 Bf2 35. Ne2 Kb6 36. Nf4 a5 37. Bd8+ Kb5 38. bxa5
Bg3 39. Ne2 Bd6 40. Kc3 Be6 41. Kb2 Ka4 42. Nc3# {Black checkmated} 1-0

[Event "GambitGuide"]
[Site "Internet Chess Club"]
[Date "2014.10.30"]
[Round "1"]
[White "JSBach"]
[Black "clicklock"]
[Result "1-0"]
[ICCResult "Black resigns"]
[WhiteElo "1662"]
[BlackElo "1336"]
[Opening "Vienna: `Frankenstein-Dracula' variation"]
[ECO "C27"]
[NIC "VG.02"]
[Time "17:10:14"]
[TimeControl "120+12"]

1. e4 e5 2. Nc3 Nf6 3. Bc4 Nxe4 4. Qh5 Nd6 5. Bb3 Nc6 6. Nb5 g6 7. Qf3 f5 8.
Qd5 Qe7 9. Nxc7+ Kd8 10. Nxa8 b6 11. Ba4 b5 12. Bxb5 Nxb5 13. Qxb5 Qb4 14.
Qxb4 Nxb4 15. Ke2 Ba6+ 16. d3 Nxc2 17. Rb1 e4 18. Bg5+ Be7 19. Bxe7+ Kxe7
20. Kd1 Bxd3 21. Rc1 Rxa8 22. Rxc2 Bxc2+ 23. Kxc2 {Black resigns} 1-0

[Event "GambitGuide"]
[Site "Internet Chess Club"]
[Date "2014.10.30"]
[Round "1"]
[White "JSBach"]
[Black "dnmuscg"]
[Result "1-0"]
[ICCResult "Black resigns"]
[WhiteElo "1662"]
[BlackElo "1659"]
[Opening "Vienna: `Frankenstein-Dracula' variation"]
[ECO "C27"]
[NIC "VG.02"]
[Time "17:09:17"]
[TimeControl "120+12"]

1. e4 e5 2. Nc3 Nf6 3. Bc4 Nxe4 4. Qh5 Nd6 5. Bb3 Nc6 6. Nb5 g6 7. Qf3 f5 8.
Qd5 Qe7 9. Nxc7+ Kd8 10. Nxa8 b6 11. Ba4 b5 12. Bxb5 Nxb5 13. Qxb5 Qc5 14.
Qxc5 Bxc5 15. d3 Bb7 16. d4 Nxd4 17. Bg5+ Kc8 18. O-O-O Bxa8 19. f3 h6 20.
Bf6 Re8 21. c3 Ne6 22. Bxe5 Nc7 23. Bd4 Bxd4 24. Rxd4 Re1+ 25. Rd1 Rxd1+ 26.
Kxd1 Bd5 27. Kc2 {Black resigns} 1-0

[Event "GambitGuide"]
[Site "Internet Chess Club"]
[Date "2014.10.30"]
[Round "1"]
[White "JSBach"]
[Black "fishhead"]
[Result "1-0"]
[ICCResult "Black resigns"]
[WhiteElo "1662"]
[BlackElo "1597"]
[Opening "Vienna: `Frankenstein-Dracula' variation"]
[ECO "C27"]
[NIC "VG.02"]
[Time "17:09:56"]
[TimeControl "120+12"]

1. e4 e5 2. Nc3 Nf6 3. Bc4 Nxe4 4. Qh5 Nd6 5. Bb3 Nc6 6. Nb5 g6 7. Qf3 f5 8.
Qd5 Qe7 9. Nxc7+ Kd8 10. Nxa8 b6 11. Ba4 Bb7 12. Nxb6 axb6 13. Qb3 b5 14. d3
bxa4 15. Qxa4 Bg7 16. Nf3 h6 17. Be3 Qe6 18. O-O Ke7 19. Rfe1 Kf7 20. Qh4
Qf6 21. Qxf6+ Bxf6 22. Bc5 Nc8 23. c3 d6 24. Be3 d5 25. Bc5 e4 26. dxe4 dxe4
27. Nd2 Rd8 28. Rad1 Ne5 29. Ba3 Nd3 30. Re3 Ne7 31. Nc4 Nc6 32. Nd6+ Rxd6
33. Bxd6 Nce5 34. Bxe5 Bxe5 35. Rdxd3 {Black resigns} 1-0

[Event "GambitGuide"]
[Site "Internet Chess Club"]
[Date "2014.10.30"]
[Round "1"]
[White "JSBach"]
[Black "fishhead"]
[Result "1-0"]
[ICCResult "Black checkmated"]
[WhiteElo "1662"]
[BlackElo "1597"]
[Opening "Vienna: `Frankenstein-Dracula' variation"]
[ECO "C27"]
[NIC "VG.02"]
[Time "17:11:15"]
[TimeControl "120+12"]

1. e4 e5 2. Nc3 Nf6 3. Bc4 Nxe4 4. Qh5 Nd6 5. Bb3 Nc6 6. Nb5 g6 7. Qf3 f5 8.
Qd5 Qe7 9. Nxc7+ Kd8 10. Nxa8 b6 11. Ba4 Bb7 12. Nxb6 axb6 13. Qb3 b5 14.
Nf3 bxa4 15. Qxa4 e4 16. Nd4 Nxd4 17. Qxd4 Bg7 18. Qc5 Nf7 19. Qb5 Bc6 20.
Qb8# {Black checkmated} 1-0

[Event "GambitGuide"]
[Site "Internet Chess Club"]
[Date "2014.10.30"]
[Round "1"]
[White "JSBach"]
[Black "Zheus"]
[Result "1-0"]
[ICCResult "Black resigns"]
[WhiteElo "1662"]
[BlackElo "2019"]
[Opening "Vienna: `Frankenstein-Dracula' variation"]
[ECO "C27"]
[NIC "VG.02"]
[Time "17:09:35"]
[TimeControl "120+12"]

1. e4 e5 2. Nc3 Nf6 3. Bc4 Nxe4 4. Qh5 Nd6 5. Bb3 Nc6 6. Nb5 g6 7. Qf3 f5 8.
Qd5 Qe7 9. Nxc7+ Kd8 10. Nxa8 b6 11. Ba4 Bb7 12. Nxb6 axb6 13. Qb3 Kc7 14.
Ne2 Na5 15. Qg3 Ne4 16. Qh3 Qb4 17. b3 b5 18. c3 Qc5 19. d4 exd4 20. Bf4+
Bd6 21. b4 Qc4 22. Bxb5 Qxb5 23. Nxd4 Qc4 24. Bxd6+ Nxd6 25. bxa5 Re8+ 26.
Kd1 Ne4 27. Kc2 Nxf2 28. Qg3+ Kc8 29. Qxf2 Be4+ 30. Kb2 Kc7 31. Qf4+ d6 32.
a4 Rb8+ 33. Nb5+ Rxb5+ 34. axb5 Qe2+ 35. Ka3 Qxb5 36. Qg3 Qxa5+ 37. Kb2 Qb5+
38. Kc1 Qe2 39. Ra7+ Kc6 40. Ra2 Qc4 41. Ra7 Qe2 42. Ra6+ Qxa6 43. Rd1 Qa1+
44. Kd2 Qb2+ 45. Ke1 Qxg2 46. Rxd6+ Kc5 47. Qe5+ Kc4 48. Rd4+ Kb3 49. Qe6+
Kb2 50. Rd2+ {Black resigns} 1-0

[Event "GambitGuide"]
[Site "Internet Chess Club"]
[Date "2014.10.30"]
[Round "1"]
[White "JSBach"]
[Black "wmanthony"]
[Result "0-1"]
[ICCResult "White checkmated"]
[WhiteElo "1662"]
[BlackElo "1411"]
[Opening "Vienna: `Frankenstein-Dracula' variation"]
[ECO "C27"]
[NIC "VG.02"]
[Time "17:10:09"]
[TimeControl "120+12"]

1. e4 e5 2. Nc3 Nf6 3. Bc4 Nxe4 4. Qh5 Nd6 5. Bb3 Nc6 6. Nb5 g6 7. Qf3 f5 8.
Qd5 Qe7 9. Nxc7+ Kd8 10. Nxa8 b6 11. Ba4 Bb7 12. Nxb6 axb6 13. Qb3 Kc7 14.
Ne2 Nd4 15. Nxd4 exd4+ 16. Kf1 Bh6 17. Qb4 Re8 18. Qxd6+ Qxd6 19. Bb3 Qe5
20. Be6 Rxe6 21. Rb1 Qe1# {White checkmated} 0-1

[Event "GambitGuide"]
[Site "Internet Chess Club"]
[Date "2014.10.30"]
[Round "1"]
[White "JSBach"]
[Black "JUGGERNOT"]
[Result "1-0"]
[ICCResult "Black resigns"]
[WhiteElo "1662"]
[BlackElo "1786"]
[Opening "Vienna: `Frankenstein-Dracula' variation"]
[ECO "C27"]
[NIC "VG.02"]
[Time "17:08:17"]
[TimeControl "120+12"]

1. e4 e5 2. Nc3 Nf6 3. Bc4 Nxe4 4. Qh5 Nd6 5. Bb3 Nc6 6. Nb5 g6 7. Qf3 f5 8.
Qd5 Qe7 9. Nxc7+ Kd8 10. Nxa8 b6 11. Ba4 Bb7 12. Nxb6 axb6 13. Qb3 b5 14.
Nf3 bxa4 15. Qxa4 Nc8 16. Qb5 d6 17. b4 Qc7 18. c3 Be7 19. a3 Ke8 20. d4 Kf7
21. Bh6 e4 22. Qc4+ Ke8 23. Ng5 Bxg5 24. Bxg5 Qf7 25. Qxf7+ Kxf7 26. b5 Na5
27. Bf4 Nc4 28. a4 Ne7 29. a5 h6 30. a6 Bd5 31. Rb1 g5 32. Be3 Nxe3 33. fxe3
Bc4 34. a7 Bd3 35. b6 Bxb1 36. b7 Nc6 37. a8=Q Rb8 38. d5 {Black resigns}
1-0

[Event "GambitGuide"]
[Site "Internet Chess Club"]
[Date "2014.10.30"]
[Round "1"]
[White "JSBach"]
[Black "Zheus"]
[Result "1-0"]
[ICCResult "Black resigns"]
[WhiteElo "1662"]
[BlackElo "2019"]
[Opening "Vienna: `Frankenstein-Dracula' variation"]
[ECO "C27"]
[NIC "VG.02"]
[Time "17:11:48"]
[TimeControl "120+12"]

1. e4 e5 2. Nc3 Nf6 3. Bc4 Nxe4 4. Qh5 Nd6 5. Bb3 Nc6 6. Nb5 g6 7. Qf3 f5 8.
Qd5 Qe7 9. Nxc7+ Kd8 10. Nxa8 b6 11. Ba4 Bb7 12. Nxb6 axb6 13. Qb3 Kc7 14.
Ne2 Na5 15. Qh3 Ne4 16. c3 Qd6 17. d4 exd4 18. Bf4 {Black resigns} 1-0

[Event "GambitGuide"]
[Site "Internet Chess Club"]
[Date "2014.10.30"]
[Round "1"]
[White "JSBach"]
[Black "SeriousGacky"]
[Result "1-0"]
[ICCResult "Black resigns"]
[WhiteElo "1662"]
[BlackElo "980"]
[Opening "Vienna: `Frankenstein-Dracula' variation"]
[ECO "C27"]
[NIC "VG.02"]
[Time "17:10:49"]
[TimeControl "120+12"]

1. e4 e5 2. Nc3 Nf6 3. Bc4 Nxe4 4. Qh5 Nd6 5. Bb3 Nc6 6. Nb5 g6 7. Qf3 f5 8.
Qd5 Qe7 9. Nxc7+ Kd8 10. Nxa8 b6 11. Ba4 Bb7 12. Nxb6 axb6 13. Qb3 Bg7 14.
Qxb6+ Ke8 15. Ne2 Nc8 16. Qxb7 e4 17. Qxc8+ Nd8 18. Bb5 f4 19. Nxf4 g5 20.
Nd5 Qe6 21. Nc7+ {Black resigns} 1-0

[Event "GambitGuide"]
[Site "Internet Chess Club"]
[Date "2014.10.30"]
[Round "1"]
[White "JSBach"]
[Black "Zheus"]
[Result "1-0"]
[ICCResult "Black resigns"]
[WhiteElo "1662"]
[BlackElo "2019"]
[Opening "Vienna: `Frankenstein-Dracula' variation"]
[ECO "C27"]
[NIC "VG.02"]
[Time "17:12:08"]
[TimeControl "120+12"]

1. e4 e5 2. Nc3 Nf6 3. Bc4 Nxe4 4. Qh5 Nd6 5. Bb3 Nc6 6. Nb5 g6 7. Qf3 f5 8.
Qd5 Qe7 9. Nxc7+ Kd8 10. Nxa8 b6 11. Ba4 Bb7 12. Nxb6 axb6 13. Qb3 Kc7 14.
Ne2 Na5 15. Qg3 Ne4 16. Qh3 Qb4 17. Bb3 Nxb3 18. axb3 d5 19. Ra4 Qd6 20. d3
Nc5 21. Ra7 Kb8 22. Ra3 Kc7 23. Ra7 Kb8 24. Ra1 Kc7 25. b4 Na6 26. c3 d4 27.
b5 Nc5 28. cxd4 exd4 29. Bf4 {Black resigns} 1-0

[Event "GambitGuide"]
[Site "Internet Chess Club"]
[Date "2014.10.30"]
[Round "1"]
[White "JSBach"]
[Black "fishhead"]
[Result "1-0"]
[ICCResult "Black resigns"]
[WhiteElo "1662"]
[BlackElo "1597"]
[Opening "Vienna: `Frankenstein-Dracula' variation"]
[ECO "C27"]
[NIC "VG.02"]
[Time "17:11:45"]
[TimeControl "120+12"]

1. e4 e5 2. Nc3 Nf6 3. Bc4 Nxe4 4. Qh5 Nd6 5. Bb3 Nc6 6. Nb5 g6 7. Qf3 f5 8.
Qd5 Qe7 9. Nxc7+ Kd8 10. Nxa8 b6 11. Ba4 Bb7 12. Nxb6 axb6 13. Qb3 b5 14.
Nf3 bxa4 15. Qxa4 Bg7 16. d3 h6 17. O-O g5 18. Re1 Qe6 19. d4 e4 20. c3 Qc4
21. Qxc4 Nxc4 22. Nd2 Re8 23. Nxc4 {Black resigns} 1-0

[Event "GambitGuide"]
[Site "Internet Chess Club"]
[Date "2014.10.30"]
[Round "1"]
[White "JSBach"]
[Black "Heian"]
[Result "0-1"]
[ICCResult "White checkmated"]
[WhiteElo "1662"]
[BlackElo "1529"]
[Opening "Vienna: `Frankenstein-Dracula' variation"]
[ECO "C27"]
[NIC "VG.02"]
[Time "17:10:15"]
[TimeControl "120+12"]

1. e4 e5 2. Nc3 Nf6 3. Bc4 Nxe4 4. Qh5 Nd6 5. Bb3 Nc6 6. Nb5 g6 7. Qf3 f5 8.
Qd5 Qe7 9. Nxc7+ Kd8 10. Nxa8 b6 11. Ba4 Bb7 12. Nxb6 axb6 13. Qb3 Nc8 14.
Nf3 e4 15. Ng1 Bg7 16. Bb5 Nd4 17. Qa4 Qd6 18. Bf1 Bc6 19. Qc4 b5 20. Qf7
Ne6 21. d3 Qe5 22. dxe4 Nd6 23. Bg5+ Kc7 24. Qe7 Re8 25. Rd1 Rxe7 26. Bxe7
Nxe4 27. Be2 Qxb2 28. Kf1 Qxc2 29. f3 Nd2+ 30. Ke1 Bc3 31. Kf2 Bd4+ 32. Ke1
Bc3 33. Kf2 Nd4 34. a3 Nc4 35. Bc5 Ne6 36. Bb4 Bxb4 37. axb4 Qb2 38. Nh3 Nd4
39. Rhe1 d5 40. Rb1 Qd2 41. Ng1 Qe3+ 42. Kg3 f4+ 43. Kg4 h5+ 44. Kg5 Qe5+
45. Kxg6 Be8+ 46. Kh7 Qe7+ 47. Kg8 Qf7+ 48. Kh8 Qf6+ 49. Kg8 Bf7+ 50. Kh7
Qg6+ 51. Kh8 Qg8# {White checkmated} 0-1

[Event "GambitGuide"]
[Site "Internet Chess Club"]
[Date "2014.10.30"]
[Round "1"]
[White "JSBach"]
[Black "dnmuscg"]
[Result "1-0"]
[ICCResult "Black resigns"]
[WhiteElo "1662"]
[BlackElo "1659"]
[Opening "Vienna: `Frankenstein-Dracula' variation"]
[ECO "C27"]
[NIC "VG.02"]
[Time "17:11:09"]
[TimeControl "120+12"]

1. e4 e5 2. Nc3 Nf6 3. Bc4 Nxe4 4. Qh5 Nd6 5. Bb3 Nc6 6. Nb5 g6 7. Qf3 f5 8.
Qd5 Qe7 9. Nxc7+ Kd8 10. Nxa8 b6 11. Ba4 Bb7 12. Nxb6 axb6 13. Qb3 Nc8 14.
a3 Bg7 15. Qd3 e4 16. Qd5 Re8 17. Ne2 Nd6 18. Qb3 b5 19. Bxb5 Nxb5 20. Qxb5
Kc8 21. Qb6 d5 22. Rb1 d4 23. c4 e3 24. dxe3 dxe3 25. Bxe3 Nd4 26. Nxd4 Bxd4
27. Qxd4 Bxg2 28. Rg1 Bb7 29. Rd1 {Black resigns} 1-0